HSSL
OTSEGO HS BULLDOGS @ BILLINGS WEST HS GOLDEN BEARS
04/15/2024
 
TOP OF THE 1ST
Otsego HS Bulldogs batting - Pitching for Billings West HS Golden Bears : RHP Otis Buchanan
Pitching: RHP Otis Buchanan
Batting: RHB Carl O'Dell 0-0: Ball
1-0: Fly out, F8 (Flyball, 89M)
Batting: RHB Jody Stewart 0-0: Ball
1-0: Ball
2-0: Foul Ball, location: 2F
2-1: Ball
3-1: Ground out U3 (Groundball, 3S)
Batting: LHB Tom Hall 0-0: Ball
1-0: Fly out, F4 (Popup, 8RS)
Top of the 1st over - 0 run(s), 0 hit(s), 0 error(s), 0 left on base; Otsego HS 0 - Billings West HS 0
BOTTOM OF THE 1ST
Billings West HS Golden Bears batting - Pitching for Otsego HS Bulldogs : RHP Brian Hankins
Pitching: RHP Brian Hankins
Batting: RHB Dennis Garner 0-0: Ball
1-0: Ground out 5-3 (Groundball, 5)
Batting: RHB Henry Gregory 0-0: Ball
1-0: Called Strike
1-1: Ball
2-1: Swinging Strike
2-2: Foul Ball, location: 2F
2-2: Foul Ball, location: 2F
2-2: Ball
3-2: Base on Balls
Batting: RHB Cole Boehmer 0-0: Swinging Strike
0-1: Ball
1-1: Swinging Strike
1-2: Strikes out swinging
Batting: LHB Duane Lemay 0-0: Ball
1-0: Ball
2-0: Foul Ball, location: 2F
2-1: Ground out U3 (Groundball, 3L)
Bottom of the 1st over - 0 run(s), 0 hit(s), 0 error(s), 1 left on base; Otsego HS 0 - Billings West HS 0
TOP OF THE 2ND
Otsego HS Bulldogs batting - Pitching for Billings West HS Golden Bears : RHP Otis Buchanan
Batting: RHB Dave Marshall 0-0: Swinging Strike
0-1: Called Strike
0-2: Ball
1-2: Strikes out swinging
Batting: LHB Carl Hayden 0-0: Called Strike
0-1: Foul Ball, location: 2F
0-2: Ball
1-2: Ball
2-2: Ball
3-2: Base on Balls
Batting: RHB Vaughan Tillman 0-0: Ball
1-0: Swinging Strike
1-1: Called Strike
1-2: Foul Ball, location: 2F
1-2: Strikes out swinging
Batting: RHB J.T. Paull 0-0: Called Strike
0-1: Ball
1-1: Ball
2-1: Foul Ball, location: 2F
2-2: Fly out, F8 (Flyball, 8LM)
Top of the 2nd over - 0 run(s), 0 hit(s), 0 error(s), 1 left on base; Otsego HS 0 - Billings West HS 0
BOTTOM OF THE 2ND
Billings West HS Golden Bears batting - Pitching for Otsego HS Bulldogs : RHP Brian Hankins
Batting: RHB Chris Hall 0-0: Ball
1-0: Called Strike
1-1: Fly out, F9 (Line Drive, 89M)
Batting: LHB Andrew Holt 0-0: Called Strike
0-1: Foul Ball, location: 2F
0-2: Foul Ball, location: 2F
0-2: Ball
1-2: Ground out 4-3 (Groundball, 4M)
Batting: RHB Bill Reed 0-0: Called Strike
0-1: Ball
1-1: Foul Ball, location: 2F
1-2: Ball
2-2: Foul Ball, location: 2F
2-2: Ball
3-2: Ground out 6-3 (Groundball, 6)
Bottom of the 2nd over - 0 run(s), 0 hit(s), 0 error(s), 0 left on base; Otsego HS 0 - Billings West HS 0
TOP OF THE 3RD
Otsego HS Bulldogs batting - Pitching for Billings West HS Golden Bears : RHP Otis Buchanan
Batting: RHB Daniel Dillard 0-0: Foul Ball, location: 2F
0-1: Ball
1-1: Swinging Strike
1-2: Strikes out looking
Batting: RHB Jorge López 0-0: SINGLE (Flyball, 89S)
Batting: RHB Carl O'Dell 0-0: SINGLE (Groundball, 56)
Jorge López to second
Batting: RHB Jody Stewart 0-0: 3-RUN HOME RUN (Flyball, 7D), Distance : 380 ft
Batting: LHB Tom Hall 0-0: Ball
1-0: Ball
2-0: Ball
3-0: Called Strike
3-1: Fly out, F7 (Flyball, 7M)
Batting: RHB Dave Marshall 0-0: Ball
1-0: Called Strike
1-1: Ball
2-1: Foul Ball, location: 2F
2-2: Ball
3-2: SINGLE (Flyball, 7S)
Batting: LHB Carl Hayden 0-0: Foul Ball, location: 2F
0-1: Ball
1-1: Ball
2-1: Called Strike
2-2: Strikes out looking
Top of the 3rd over - 3 run(s), 4 hit(s), 0 error(s), 1 left on base; Otsego HS 3 - Billings West HS 0
BOTTOM OF THE 3RD
Billings West HS Golden Bears batting - Pitching for Otsego HS Bulldogs : RHP Brian Hankins
Batting: SHB Ray O'Dell 0-0: Ball
1-0: Called Strike
1-1: Foul Ball, location: 2F
1-2: Fly out, F2 (Popup, 2RF)
Batting: RHB Jason Nava 0-0: Ball
1-0: Ball
2-0: Fly out, F7 (Flyball, 7D)
Batting: RHB Dennis Garner 0-0: Ball
1-0: Foul Ball, location: 2F
1-1: Ball
2-1: Ball
3-1: Base on Balls
Batting: RHB Henry Gregory 0-0: Called Strike
0-1: Ball
1-1: Ball
2-1: Ground out 6-3 (Groundball, 6)
Bottom of the 3rd over - 0 run(s), 0 hit(s), 0 error(s), 1 left on base; Otsego HS 3 - Billings West HS 0
TOP OF THE 4TH
Otsego HS Bulldogs batting - Pitching for Billings West HS Golden Bears : RHP Otis Buchanan
Batting: RHB Vaughan Tillman 0-0: Ball
1-0: Fly out, F7 (Flyball, 78M)
Batting: RHB J.T. Paull 0-0: Ground out 5-3 (Groundball, 5)
Batting: RHB Daniel Dillard 0-0: Called Strike
0-1: SINGLE (Line Drive, 7S)
Batting: RHB Jorge López 0-0: Ball
1-0: Ball
2-0: Foul Ball, location: 2F
2-1: Called Strike
2-2: Ball
3-2: Strikes out looking
Top of the 4th over - 0 run(s), 1 hit(s), 0 error(s), 1 left on base; Otsego HS 3 - Billings West HS 0
BOTTOM OF THE 4TH
Billings West HS Golden Bears batting - Pitching for Otsego HS Bulldogs : RHP Brian Hankins
Batting: RHB Cole Boehmer 0-0: Ball
1-0: Ball
2-0: Ball
3-0: Called Strike
3-1: Base on Balls
Batting: LHB Duane Lemay 0-0: Called Strike
0-1: Ball
1-1: Called Strike
1-2: Ball
2-2: Strikes out swinging
Batting: RHB Chris Hall 0-0: Ball
1-0: Ball
2-0: Called Strike
2-1: Ground out 5-3 (Groundball, 5S)
Cole Boehmer to second
Batting: LHB Andrew Holt 0-0: Ground out 6-3 (Groundball, 6M)
Bottom of the 4th over - 0 run(s), 0 hit(s), 0 error(s), 1 left on base; Otsego HS 3 - Billings West HS 0
TOP OF THE 5TH
Otsego HS Bulldogs batting - Pitching for Billings West HS Golden Bears : RHP Otis Buchanan
Batting: RHB Carl O'Dell 0-0: Ball
1-0: Ball
2-0: Swinging Strike
2-1: Ball
3-1: Base on Balls
Batting: RHB Jody Stewart 0-0: Called Strike
0-1: Fly out, F7 (Flyball, 78M)
Batting: LHB Tom Hall 0-0: Foul Ball, location: 2F
0-1: Ball
1-1: Ball
2-1: Foul Ball, location: 2F
2-2: Foul Ball, location: 2F
2-2: Foul Ball, location: 2F
2-2: Ball
3-2: Foul Ball, location: 2F
3-2: Foul Ball, location: 2F
3-2: Base on Balls
Carl O'Dell to second
Pitching: RHP Lyle Scalise
Batting: RHB Dave Marshall 0-0: Fly out, F6 (Popup, 6D)
Batting: LHB Carl Hayden 0-0: Called Strike
0-1: Swinging Strike
0-2: Ball
1-2: Strikes out swinging
Top of the 5th over - 0 run(s), 0 hit(s), 0 error(s), 2 left on base; Otsego HS 3 - Billings West HS 0
BOTTOM OF THE 5TH
Billings West HS Golden Bears batting - Pitching for Otsego HS Bulldogs : RHP Brian Hankins
Batting: RHB Bill Reed 0-0: SINGLE (Flyball, 78M)
Batting: SHB Ray O'Dell 0-0: Ball
1-0: SINGLE (Line Drive, 34)
Bill Reed to second
Batting: RHB Jason Nava 0-0: Swinging Strike
0-1: Ball
1-1: Swinging Strike
1-2: Ball
2-2: Strikes out swinging
Batting: RHB Dennis Garner 0-0: Called Strike
0-1: Ball
1-1: Foul Ball, location: 2F
1-2: Grounds into double play, 4-6-3 (Groundball, 4)
Bottom of the 5th over - 0 run(s), 2 hit(s), 0 error(s), 1 left on base; Otsego HS 3 - Billings West HS 0
TOP OF THE 6TH
Otsego HS Bulldogs batting - Pitching for Billings West HS Golden Bears : RHP Lyle Scalise
Batting: RHB Vaughan Tillman 0-0: Called Strike
0-1: Ball
1-1: Called Strike
1-2: Strikes out looking
Batting: RHB J.T. Paull 0-0: Called Strike
0-1: Ball
1-1: Foul Ball, location: 2F
1-2: Strikes out looking
Batting: RHB Daniel Dillard 0-0: Ball
1-0: Ball
2-0: Foul Ball, location: 2F
2-1: Called Strike
2-2: Strikes out swinging
Top of the 6th over - 0 run(s), 0 hit(s), 0 error(s), 0 left on base; Otsego HS 3 - Billings West HS 0
BOTTOM OF THE 6TH
Billings West HS Golden Bears batting - Pitching for Otsego HS Bulldogs : RHP Brian Hankins
Batting: RHB Henry Gregory 0-0: Called Strike
0-1: Ball
1-1: Ball
2-1: Ball
3-1: Base on Balls
Pitching: RHP Allen Steele
Batting: RHB Cole Boehmer 0-0: Called Strike
Henry Gregory steals 2nd base
0-1: Foul Ball, location: 2F
0-2: Foul Ball, location: 2F
0-2: Strikes out looking
Batting: LHB Duane Lemay 0-0: Called Strike
0-1: Foul Ball, location: 2F
0-2: Strikes out looking
Batting: RHB Chris Hall 0-0: Ball
1-0: Ball
2-0: Ball
3-0: Base on Balls
Batting: LHB Andrew Holt 0-0: Ball
1-0: Called Strike
1-1: Foul Ball, location: 2F
1-2: Strikes out looking
Bottom of the 6th over - 0 run(s), 0 hit(s), 0 error(s), 2 left on base; Otsego HS 3 - Billings West HS 0
TOP OF THE 7TH
Otsego HS Bulldogs batting - Pitching for Billings West HS Golden Bears : RHP Lyle Scalise
Batting: RHB Jorge López 0-0: Called Strike
0-1: Fly out, F4 (Popup, 34)
Pitching: RHP John Jones
Batting: RHB Carl O'Dell 0-0: Fly out, F6 (Popup, 56)
Batting: RHB Jody Stewart 0-0: Foul Ball, location: 2F
0-1: Ball
1-1: Ball
2-1: Ball
3-1: Base on Balls
Batting: LHB Tom Hall 0-0: Called Strike
0-1: Ball
1-1: Foul Ball, location: 2F
1-2: SINGLE (Groundball, 34D)
Jody Stewart to second
Runner from 2nd tries for 3rd, SAFE, throw made to third
Tom Hall to second
Batting: RHB Dave Marshall 0-0: Ball
Wild Pitch!
Jody Stewart scores
Tom Hall to third
1-0: Ball
2-0: Called Strike
2-1: Swinging Strike
2-2: Ball
3-2: Foul Ball, location: 2F
3-2: 2-RUN HOME RUN (Flyball, 78XD), Distance : 423 ft
Batting: LHB Carl Hayden 0-0: Ball
1-0: Called Strike
1-1: Ball
2-1: Ball
3-1: Base on Balls
Batting: RHB Vaughan Tillman 0-0: Ball
1-0: 2-RUN HOME RUN (Flyball, 7D), Distance : 384 ft
Batting: RHB J.T. Paull 0-0: Foul Ball, location: 2F
0-1: Ball
1-1: Called Strike
1-2: Strikes out swinging
Top of the 7th over - 5 run(s), 3 hit(s), 0 error(s), 0 left on base; Otsego HS 8 - Billings West HS 0
BOTTOM OF THE 7TH
Billings West HS Golden Bears batting - Pitching for Otsego HS Bulldogs : RHP Allen Steele
Batting: RHB Bill Reed 0-0: Ball
1-0: Foul Ball, location: 2F
1-1: Ball
2-1: Fly out, F5 (Popup, 25F)
Batting: SHB Ray O'Dell 0-0: Ball
1-0: Called Strike
1-1: Swinging Strike
1-2: Ball
2-2: Strikes out looking
Batting: RHB Jason Nava 0-0: Ball
1-0: Called Strike
1-1: Foul Ball, location: 2F
1-2: Reached on error, E6 (Groundball, 6M)
Batting: RHB Dennis Garner 0-0: Ball
1-0: Fly out, F3 (Line Drive, 3L)
Bottom of the 7th over - 0 run(s), 0 hit(s), 1 error(s), 1 left on base; Otsego HS 8 - Billings West HS 0
TOP OF THE 8TH
Otsego HS Bulldogs batting - Pitching for Billings West HS Golden Bears : RHP John Jones
Pitching: RHP Bob Roy
Batting: RHB Daniel Dillard 0-0: Ball
1-0: Ball
2-0: Called Strike
2-1: Ball
3-1: Base on Balls
Batting: RHB Jorge López 0-0: Ball
Daniel Dillard steals 2nd base
1-0: Called Strike
1-1: Ball
2-1: Called Strike
2-2: Foul Ball, location: 2F
2-2: Ball
3-2: Fly out, F2 (Popup, 25F)
Batting: RHB Carl O'Dell 0-0: Ball
1-0: Foul Ball, location: 2F
1-1: Called Strike
1-2: Strikes out swinging
Batting: RHB Jody Stewart 0-0: Swinging Strike
0-1: Called Strike
0-2: Ball
1-2: Ball
2-2: Foul Ball, location: 2F
2-2: Ball
3-2: Base on Balls
Batting: LHB Tom Hall 0-0: Ball
1-0: Ball
2-0: Ball
3-0: Called Strike
3-1: Called Strike
3-2: Ground out 4-3 (Groundball, 4)
Top of the 8th over - 0 run(s), 0 hit(s), 0 error(s), 2 left on base; Otsego HS 8 - Billings West HS 0
BOTTOM OF THE 8TH
Billings West HS Golden Bears batting - Pitching for Otsego HS Bulldogs : RHP Allen Steele
Pitching: RHP Matt Hernández
Now in LF: José Serrano
Batting: RHB Henry Gregory 0-0: Called Strike
0-1: Called Strike
0-2: Ball
1-2: Foul Ball, location: 2F
1-2: Reached on error, E4 (Groundball, 4)
Batting: RHB Cole Boehmer 0-0: SINGLE (Groundball, 25) (infield hit)
Henry Gregory to second
Batting: LHB Duane Lemay 0-0: Called Strike
0-1: Swinging Strike
0-2: Ball
1-2: Foul Ball, location: 2F
1-2: Foul Ball, location: 2F
1-2: Ball
2-2: Strikes out swinging
Batting: RHB Chris Hall 0-0: SINGLE (Groundball, 56D) (infield hit)
Henry Gregory to third
Cole Boehmer to second
Batting: LHB Andrew Holt 0-0: Ball
1-0: Ball
2-0: Called Strike
2-1: Ball
3-1: Called Strike
3-2: Foul Ball, location: 2F
3-2: Base on Balls
Henry Gregory scores
Cole Boehmer to third
Chris Hall to second
Batting: RHB Bill Reed 0-0: Ball
1-0: Ball
2-0: Ball
3-0: Called Strike
3-1: Called Strike
3-2: Ground out 5-3 (Groundball, 5S)
Cole Boehmer scores
Chris Hall to third
Andrew Holt to second
Batting: SHB Ray O'Dell 0-0: Foul Ball, location: 2F
0-1: Foul Ball, location: 2F
0-2: Ball
1-2: Strikes out swinging
Bottom of the 8th over - 2 run(s), 2 hit(s), 1 error(s), 2 left on base; Otsego HS 8 - Billings West HS 2
TOP OF THE 9TH
Otsego HS Bulldogs batting - Pitching for Billings West HS Golden Bears : RHP Bob Roy
Batting: RHB Dave Marshall 0-0: Ball
1-0: DOUBLE (Line Drive, 78S)
Batting: LHB Carl Hayden 0-0: Ball
1-0: Ball
2-0: Fly out, F6 (Popup, 56)
Batting: RHB Vaughan Tillman 0-0: Ball
1-0: Called Strike
1-1: Called Strike
1-2: Foul Ball, location: 2F
1-2: Ball
2-2: Ball
3-2: Foul Ball, location: 2F
3-2: Ground out 3-1 (Groundball, 3)
Dave Marshall to third
Batting: RHB J.T. Paull 0-0: Ball
1-0: Called Strike
1-1: Foul Ball, location: 2F
1-2: Foul Ball, location: 2F
1-2: Ball
2-2: Ball
3-2: DOUBLE (Flyball, 78M)
Dave Marshall scores
Batting: RHB Daniel Dillard 0-0: Ball
1-0: Ball
2-0: Ball
3-0: Called Strike
3-1: SINGLE (Groundball, 6MD)
J.T. Paull to third
Runner from 3rd tries for Home, SAFE, no throw or cutoff
Batting: RHB Jorge López 0-0: Swinging Strike
0-1: Ball
1-1: SINGLE (Line Drive, 89S)
Daniel Dillard to second
Runner from 2nd tries for 3rd, SAFE, no throw or cutoff
Batting: RHB Carl O'Dell 0-0: Called Strike
0-1: Swinging Strike
0-2: Ball
1-2: Ball
2-2: Ball
3-2: Foul Ball, location: 2F
3-2: Strikes out looking
Top of the 9th over - 2 run(s), 4 hit(s), 0 error(s), 2 left on base; Otsego HS 10 - Billings West HS 2
BOTTOM OF THE 9TH
Billings West HS Golden Bears batting - Pitching for Otsego HS Bulldogs : RHP Matt Hernández
Batting: RHB Jason Nava 0-0: Ground out 6-3 (Groundball, 6)
Batting: RHB Dennis Garner 0-0: Called Strike
0-1: Fly out, F9 (Flyball, 89S)
Batting: RHB Henry Gregory 0-0: Ball
1-0: Foul Ball, location: 2F
1-1: Ball
2-1: Swinging Strike
2-2: Foul Ball, location: 2F
2-2: Foul Ball, location: 2F
2-2: Ball
3-2: Base on Balls
Batting: RHB Cole Boehmer 0-0: Ball
1-0: Swinging Strike
1-1: Foul Ball, location: 2F
1-2: Strikes out swinging
Bottom of the 9th over - 0 run(s), 0 hit(s), 0 error(s), 1 left on base; Otsego HS 10 - Billings West HS 2
This league is powered by Out of the Park Baseball, the baseball management simulation game for PC, Mac and Linux
Saturday, April 9th, 2016 - OOTP Baseball 16.8 Build 38